 Dungeon Crawl Stone Soup version 0.29.0-7-g18a832c13a (webtiles) character file.

Game seed: 5023893733811234190

10339 avis the Nimble (level 11, -3/55 HPs)
             Began as a Felid Summoner on Aug 28, 2022.
             Was an Initiate of Gozag.
             Slain by a spectral boulder beetle (14 damage)
             ... called from beyond by a ghost crab
             ... on level 4 of the Lair of Beasts on Aug 30, 2022.
             The game lasted 04:10:39 (27773 turns).

avis the Nimble (Felid Summoner)                   Turns: 27773, Time: 04:10:41

Health: -3/55      AC:  5    Str:  3    XL:     11   Next: 34%
Magic:  11/26      EV: 30    Int: 19    God:    Gozag
Gold:   875        SH:  5    Dex: 22    Spells: 4/31 levels left
                                        Lives:  0   Deaths: 3

rFire   + . .      SeeInvis +     - Unarmed
rCold   + + .      Faith    .   (shield unavailable)
rNeg    . . .      Spirit   .   (body armour unavailable)
rPois   .          Reflect  +   (helmet unavailable)
rElec   .          Harm     .   (cloak unavailable)
rCorr   .          Rampage  .   (gloves unavailable)
Will    ++...                   (boots unavailable)
Stlth   +++.......              b - amulet of reflection
HPRegen 0.18/turn               g - ring of willpower
MPRegen 0.20/turn               r - ring of protection from cold

@: quick
A: very small, claws 1, fangs 3, see invisible, speed 1, shaggy fur 3, stealthy
paws, no weapons or thrown items, no armour, multi-lived, horns 1, iridescent
scales 1, agile 1, fire resistance 1
a: Renounce Religion, Potion Petition, Call Merchant, Bribe Branch


You were on level 4 of the Lair of Beasts.
You worshipped Gozag.
Gozag was pleased with you.
You visited 3 branches of the dungeon, and saw 15 of its levels.
You also visited: Ossuary.

You collected 3431 gold pieces.
You spent 630 gold pieces at shops.
You paid 1926 gold pieces to Gozag.

Inventory:

Jewellery
 b - an amulet of reflection (around neck)
 g - a ring of willpower (left paw)
 r - a ring of protection from cold (right paw)
Wands
 c - a wand of polymorph (4)
 m - a wand of flame (41)
 v - a wand of roots (14)
 I - a wand of digging (12)
Scrolls
 d - 7 scrolls of teleportation
 e - 6 scrolls of fog
 i - 3 scrolls of vulnerability
 j - a scroll of torment
 q - 2 scrolls of magic mapping
 w - 3 scrolls of blinking
 A - a scroll of poison
 C - a scroll of silence
 D - a scroll of fear
 F - a scroll of summoning
 H - 2 scrolls of immolation
Potions
 a - 2 potions of magic
 f - 2 potions of ambrosia
 h - 2 potions of invisibility
 k - 2 potions of brilliance
 l - 5 potions of curing
 n - 4 potions of haste
 o - 4 potions of attraction
 p - 2 potions of cancellation
 s - a potion of berserk rage
 t - a potion of lignification
 u - 3 potions of flight
 x - a potion of resistance
 B - a potion of mutation


   Skills:
 + Level 10.5 Fighting
 + Level 13.4 Dodging
 - Level 3.0 Stealth
 - Level 2.0 Unarmed Combat
 + Level 10.5 Spellcasting
 - Level 5.0 Hexes
 - Level 10.0 Summonings
 + Level 9.8 Translocations
 * Level 6.0 Transmutations
 - Level 7.0 Air Magic


You had 4 spell levels left.
You knew the following spells:

 Your Spells              Type           Power      Damage    Failure   Level
a - Summon Small Mammal   Summ           100%       N/A       1%          1
b - Blink                 Tloc           94%        N/A       1%          2
c - Call Imp              Summ           47%        N/A       1%          2
d - Call Canine Familiar  Summ           47%        N/A       1%          3
g - Summon Guardian Gole  Hex/Summ       38%        N/A       1%          3
l - Summon Lightning Spi  Summ/Air       42%        N/A       2%          4
s - Summon Forest         Summ/Tloc      23%        N/A       3%          5
S - Storm Form            Tmut/Air       17%        N/A       99%         7

Your spell library contained the following spells:

 Spells                   Type           Power      Damage    Failure   Level
 Lesser Beckoning         Tloc           47%        N/A       1%          3
 Ensorcelled Hibernation  Hex/Ice        38%        N/A       3%          2
 Spider Form              Tmut/Pois      21%        N/A       6%          3
 Mephitic Cloud           Conj/Pois/Air  18%        N/A       9%          3
 Ignite Poison            Fire/Tmut/Pois 17%        N/A       10%         3
 Petrify                  Tmut/Erth      21%        N/A       21%         4
 Ozocubu's Armour         Ice            9%         N/A       22%         3
 Stone Arrow              Conj/Erth      18%        3d8       22%         3
 Anguish                  Hex/Necr       9%         N/A       26%         4
 Manifold Assault         Tloc           47%        N/A       3%          5
 Metabolic Englaciation   Hex/Ice        9%         N/A       56%         5
 Freezing Cloud           Conj/Ice/Air   9%         6-21      58%         5
 Summon Hydra             Summ           23%        N/A       69%         7
 Eringya's Noxious Bog    Tmut/Pois      10%        N/A       97%         6
 Statue Form              Tmut/Erth      14%        N/A       97%         6
 Orb of Destruction       Conj           4%         9d5       100%        7
 Ozocubu's Refrigeration  Ice            4%         4d8       100%        7
 Spellforged Servitor     Conj/Summ      14%        N/A       100%        7
 Lehudib's Crystal Spear  Conj/Erth      4%         10d3      100%        8


Dungeon Overview and Level Annotations

Branches:
Dungeon (10/15)            Temple (1/1) D:5            Lair (4/5) D:10
 Shoals (0/4) Lair:2       Spider (0/4) Lair:2      Ossuary (visited)
  Slime: Lair:4-5       Orc: D:9-12

Altars:
Ashenzari
Cheibriados
Dithmenos
Elyvilon
Fedhas
Gozag
Hepliaklqana
Kikubaaqudgha
Makhleb
Nemelex Xobeh
Okawaru
Qazlal
Ru
Sif Muna
Trog
Uskayaw
Vehumet
Wu Jian
Xom
Yredelemnul
Zin
The Shining One

Shops:
D:2 :   D:8 [   Lair:1 :


Innate Abilities, Weirdness & Mutations

You have sharp claws.
You have razor-sharp teeth.
You have supernaturally acute eyesight. (SInv)
You cover ground quickly. (Speed+)
Your thick and shaggy fur keeps you warm. (AC +3, rC+)
Your paws help you pounce on unaware monsters.
You are incapable of wielding weapons or throwing items.
You cannot wear armour.
You gain extra lives every three experience levels.
You have a pair of small horns on your head.
You are partially covered in iridescent scales. (AC +2)
You are agile. (Dex +4, Str/Int -1)
Your flesh is heat resistant. (rF+)


Message History

The spectral black mamba bites your crimson imp!
Your wolf is engulfed in spectral mist.
The spectral black mamba barely misses your crimson imp.
Your wolf is engulfed in spectral mist.
Your crimson imp hits the spectral black mamba but does no damage.
What are your orders? t - Meow!
Orders for allies: a - Attack new target. r - Retreat! s - Stop attacking. g - Guard the area. f - Follow me.
Anything else - Cancel.
Gang up on whom?
Press: ? - help, Dir - move target, f - spectral black mamba
Aim: a spectral black mamba (spectral mist, summoned, ally target) Attack!
You are engulfed in spectral mist.
The spectral black mamba bites your crimson imp!
Your wolf is engulfed in spectral mist.
Your lightning spire is engulfed in spectral mist.
The spectral black mamba misses your crimson imp.
Something bites your guardian golem! Something claws your guardian golem.
Your wolf is engulfed in spectral mist.
Your guardian golem overheats!
Your crimson imp closely misses the spectral black mamba.
Okay, then.
Press: ? - help, v - describe, . - travel The floor.
There is a cloud of spectral mist here.
Casting: Summon Guardian Golem (safe; 1% risk of failure)
Confirm with . or Enter, or press ? or * to list all spells.
You blink.
You are engulfed in spectral mist.
* * * LOW HITPOINT WARNING * * *
Your wolf is engulfed in spectral mist.
Flame seeps out of your guardian golem. Something bites your guardian golem.
Flame seeps out of your guardian golem.
Something claws your guardian golem but does no damage.
Your guardian golem is engulfed in spectral mist.
Flame seeps out of your guardian golem.
Your crimson imp misses the spectral black mamba.
The spectral boulder beetle bites you!
You die...
Your body crumbles into a pile of gold.

.###.###..............#
.......#.############.#
.....#.#.#..○☼☼§Zt. #.#
.......#.#t######## #.#
..[.####.#§# $ #.#
#......#.#§# #.#
.#.....#.#☼# #.#
#....###.#°##########.#
.......#.#89h5ZZ@Z°...#
.....#.#'##############
...#.#...#.#...#.P.#
..(................##
...#..#>.##....#.P..#
..##...............##
#.##..#..#....##...#
#.#.#....#.....##..##
#..#................#


You could see a spectral black mamba (summoned, ally target), a spectral boulder
beetle (summoned), a spectral snapping turtle (summoned), a friendly guardian
golem (summoned, inner flame), a friendly wolf (summoned, sheltered), a friendly
lightning spire (summoned, sheltered) and a friendly crimson imp (summoned,
sheltered).

Vanquished Creatures
  An elephant (Lair:4)
  A komodo dragon (Lair:3)
  A centaur (D:10)
  A kobold brigand (D:4)
  2 gnolls (D:7)
  2 adders
  An orc (D:3)
  A ball python (D:2)
  An endoplasm (D:2)
  A goblin (D:4)
  A hobgoblin (D:2)
  A jackal (D:2)
  7 kobolds
  A bat (D:3)
  A rat (D:2)
  A bush (Lair:3)
24 creatures vanquished.

Vanquished Creatures (collateral kills)
  Kirke (Lair:4)
  Nessos (Lair:3)
  A ghost crab (Lair:4)
  A hydra (Lair:1)
  A two-headed ogre (D:8)
  4 death yaks
  5 fire crabs (Lair:4)
  A deep elf pyromancer (D:7)
  4 elephants (Lair:4)
  2 black mambas
  A cane toad (Lair:2)
  A kobold demonologist (D:9)
  3 rime drakes (Lair:1)
  An unseen horror (D:10)
  5 komodo dragons
  A hornet (D:7)
  Grinder (D:4)
  3 blink frogs
  A jumping spider (Lair:2)
  A shadow (D:9)
  4 wyverns
  2 hogs (Lair:4)
  A basilisk (Lair:4)
  19 yaks
  A naga (Lair:4)
  5 water moccasins
  4 sky beasts
  3 black bears
  An ogre (D:4)
  6 wolves (Lair:1)
  2 centaurs
  3 phantoms
  2 kobold brigands
  10 bullfrogs
  2 necrophages
  3 scorpions
  7 wights (D:9)
  9 killer bees
  2 hounds
  4 jellies
  4 orc priests
  Jessica (D:3)
  2 iguanas
  6 orc wizards
  Ijyb (D:3)
  Natasha (thrice) (D:3)
  A mummy (Ossuary)
  Robin (D:4)
  4 adders
  8 gnolls
  A white imp (D:7)
  An ufetubus (D:5)
  2 worms
  5 dart slugs
  27 orcs
  6 endoplasms
  A giant cockroach (D:2)
  16 goblins
  7 hobgoblins
  A jackal (D:2)
  5 quokkas
  6 ball pythons
  A bat (D:2)
  3 frilled lizards (D:2)
  8 gnoll skeletons (Ossuary)
  25 kobolds
  4 kobold skeletons (Ossuary)
  13 orc skeletons (Ossuary)
  A rat (D:2)
293 creatures vanquished.

Vanquished Creatures (others)
  An entropy weaver (Lair:4)
  A hydra (Lair:1)
  A boulder beetle (Lair:1)
  A catoblepas (Lair:3)
  A two-headed ogre (D:8)
  4 death yaks
  The ghost of nroviw the Grappler, a novice TrFi of Wu Jian (D:7)
  The ghost of jamesp the Conjurer, a novice DrCj (D:5)
  An elephant (Lair:4)
  A black mamba (Lair:2)
  2 cane toads
  2 komodo dragons
  A rime drake (Lair:1)
  The ghost of pdpol the Cleaver, an amateur MiFi (D:4)
  A troll (D:10)
  2 polar bears
  A blink frog (Lair:3)
  15 yaks
  A wraith (Ossuary)
  2 basilisks (Lair:3)
  2 hogs (Lair:4)
  Eustachio (D:4)
  A steam dragon (D:8)
  An ice beast (D:2)
  A sky beast (D:7)
  An ogre (D:6)
  A centaur (D:8)
  3 bullfrogs
  A wight (D:9)
  A ballistomycete (Lair:3)
  5 killer bees
  Crazy Yiuf (D:6)
  A gnoll (D:7)
  An orc (D:5)
  2 kobolds (D:4)
  A bush (Lair:4)
  14 fungi
  36 plants
  10 snaplasher vines
  5 toadstools (D:1)
130 creatures vanquished.

Grand Total: 447 creatures vanquished

Notes
Turn   | Place    | Note
-------+----------+-------------------------------------------
     0 | D:1      | avis the Felid Summoner began the quest for the Orb.
     0 | D:1      | Reached XP level 1. HP: 7/7 MP: 4/4
   731 | D:1      | Reached XP level 2. HP: 5/11 MP: 0/6
   734 | D:1      | Learned a level 2 spell: Call Imp
  1532 | D:2      | Gained mutation: Your magical capacity is low. (-10% MP)
                  | [potion of mutation]
  1532 | D:2      | Gained mutation: Your flesh is heat resistant. (rF+)
                  | [potion of mutation]
  1532 | D:2      | Gained mutation: Your flesh is very heat resistant. (rF++)
                  | [potion of mutation]
  1902 | D:2      | Reached skill level 1 in Unarmed Combat
  1902 | D:2      | Reached XP level 3. HP: 14/14 MP: 3/7
  2003 | D:2      | Learned a level 3 spell: Call Canine Familiar
  2281 | D:2      | Got the Essays on Convocation and Geology
  2421 | D:2      | Found Wiucvu's Vocational Training.
  3340 | D:3      | Found a blossoming altar of Fedhas.
  3478 | D:3      | Reached XP level 4. HP: 18/18 MP: 3/8
  3488 | D:3      | Reached skill level 1 in Fighting
  3695 | D:3      | Noticed Jessica
  3715 | D:3      | Killed Jessica
  3716 | D:3      | Reached skill level 5 in Summonings
  3767 | D:3      | Reached XP level 5. HP: 22/22 MP: 10/10
  3823 | D:3      | Reached skill level 3 in Dodging
  3884 | D:3      | Noticed Ijyb
  4040 | D:3      | Killed Ijyb
  4091 | D:3      | Learned a level 3 spell: Summon Guardian Golem
  4261 | D:3      | Noticed Natasha
  4278 | D:3      | Killed Natasha
  4569 | D:3      | Noticed an ice beast
  4752 | D:3      | Found a sacrificial altar of Ru.
  5072 | D:3      | Noticed Natasha
  5081 | D:3      | Killed Natasha
  5082 | D:3      | Reached skill level 1 in Hexes
  5322 | D:3      | Noticed Natasha
  5331 | D:3      | Killed Natasha
  5791 | D:2      | Killed an ice beast
  5792 | D:2      | Gained mutation: You are covered in thick fur. (AC +2)
                  | [Felid growth]
  5792 | D:2      | Reached XP level 6. HP: 25/25 MP: 3/11
  5797 | D:2      | Learned a level 4 spell: Summon Lightning Spire
  6385 | D:4      | Reached skill level 1 in Air Magic
  6479 | D:4      | Noticed Robin
  6497 | D:4      | Killed Robin
  6498 | D:4      | Reached XP level 7. HP: 28/29 MP: 13/13
  6634 | D:4      | Noticed Eustachio
  6702 | D:4      | Killed Eustachio
  6921 | D:4      | Found an ancient bone altar of Kikubaaqudgha.
  6992 | D:4      | Found a runed translucent gate.
  6992 | D:4      | Found a runed translucent gate.
  6992 | D:4      | Found a runed translucent gate.
  6995 | D:4      | Noticed pdpol's ghost (amateur MiFi)
  7084 | D:4      | Noticed Grinder
  7118 | D:4      | Killed Grinder
  7238 | D:4      | Reached skill level 5 in Spellcasting
  7238 | D:4      | Reached skill level 5 in Hexes
  7238 | D:4      | Reached XP level 8. HP: 33/33 MP: 3/15
  7863 | D:5      | Entered Level 5 of the Dungeon
  8210 | D:5      | Found a staircase to the Ecumenical Temple.
  8217 | Temple   | Entered the Ecumenical Temple
  8223 | Temple   | Became a worshipper of Gozag Ym Sagoz the Greedy
  8871 | D:5      | Found a runed translucent gate.
  8872 | D:5      | Found a runed translucent gate.
  8872 | D:5      | Found a runed translucent gate.
  8874 | D:5      | Noticed jamesp's ghost (novice DrCj)
  9369 | D:5      | Learned a level 2 spell: Blink
  9641 | D:6      | Reached skill level 1 in Translocations
 10101 | D:6      | Found an iron altar of Okawaru.
 10115 | D:6      | Found a broken altar of Ashenzari.
 10226 | D:6      | Found a runed translucent door.
 10227 | D:6      | Noticed Crazy Yiuf
 10249 | D:6      | Killed Crazy Yiuf
 10584 | D:7      | Noticed a hornet
 10609 | D:7      | Killed a hornet
 10610 | D:7      | Reached XP level 9. HP: 37/37 MP: 6/17
 10750 | D:7      | Reached skill level 4 in Dodging
 10968 | D:7      | Noticed a deep elf pyromancer
 11033 | D:7      | Reached skill level 5 in Air Magic
 11248 | D:7      | Reached skill level 5 in Dodging
 11523 | D:7      | Killed a deep elf pyromancer
 11701 | D:7      | Reached XP level 10. HP: 42/42 MP: 7/19
 11819 | D:7      | Identified the +5 dagger of Paper {flame, Int+6 Stlth+}
 11928 | D:7      | Found a large runed translucent door.
 11928 | D:7      | Found a large runed translucent door.
 11931 | D:7      | Noticed nroviw's ghost (novice TrFi)
 12347 | D:4      | Killed pdpol's ghost
 12534 | D:5      | Killed jamesp's ghost
 12727 | D:7      | Killed nroviw's ghost
 12728 | D:7      | Reached skill level 6 in Dodging
 12874 | D:8      | Noticed a two-headed ogre
 12886 | D:8      | Killed a two-headed ogre
 12940 | D:8      | Found a sand-covered staircase.
 12957 | Ossuary  | Entered an ossuary
 13483 | D:8      | Noticed a two-headed ogre
 13539 | D:8      | Killed a two-headed ogre
 14079 | D:8      | Reached skill level 5 in Fighting
 14222 | D:8      | Found Xyidiaro's Armour Boutique.
 15222 | D:9      | Reached XP level 11. HP: 29/47 MP: 10/22
 15288 | D:9      | Reached skill level 7 in Dodging
 16400 | D:9      | Reached skill level 10 in Summonings
 16578 | D:9      | Learned a level 7 spell: Storm Form
 16712 | D:10     | Entered Level 10 of the Dungeon
 16906 | D:10     | Noticed a death yak
 17059 | D:10     | Noticed a death yak
 17192 | D:10     | Noticed a death yak
 17211 | D:10     | Killed a death yak
 17212 | D:10     | Noticed a death yak
 17229 | D:10     | Killed a death yak
 17230 | D:10     | Reached skill level 8 in Dodging
 17237 | D:10     | Killed a death yak
 17239 | D:10     | Killed a death yak
 17354 | D:10     | Found a staircase to the Lair.
 17835 | Lair:1   | Entered Level 1 of the Lair of Beasts
 17872 | Lair:1   | Found a frozen archway.
 17883 | Lair:1   | Reached skill level 10 in Spellcasting
 17885 | Lair:1   | Reached skill level 9 in Dodging
 17934 | Lair:1   | Slain by a komodo dragon
 17935 | Lair:1   | Reached XP level 10. HP: -1/46 MP: 11/22
 17939 | Lair:1   | Noticed a six-headed hydra
 17939 | Lair:1   | Noticed a boulder beetle
 18134 | Lair:1   | Reached XP level 11. HP: 24/50 MP: 17/23
 18370 | Lair:1   | Noticed a four-headed hydra
 18375 | Lair:1   | Killed a four-headed hydra
 18387 | Lair:1   | Reached skill level 10 in Dodging
 18656 | Lair:1   | Reached skill level 11 in Dodging
 18883 | Lair:1   | Killed a six-headed hydra
 19022 | Lair:1   | Killed a boulder beetle
 19277 | Lair:1   | Bought a Fen Folio for 630 gold pieces
 19284 | Lair:1   | Learned a level 5 spell: Summon Forest
 20248 | Lair:2   | Reached skill level 12 in Dodging
 20248 | Lair:2   | Reached skill level 5 in Translocations
 20259 | Lair:2   | Found a staircase to the Shoals.
 20465 | Lair:2   | Found a hole to the Spider Nest.
 20828 | Lair:3   | Gained mutation: Your thick and shaggy fur keeps you warm.
                  | (AC +3, rC+) [Felid growth]
 20828 | Lair:3   | Reached XP level 12. HP: 57/57 MP: 16/24
 20830 | Lair:3   | Lost mutation: Your flesh is very heat resistant. (rF++)
                  | [potion of mutation]
 20830 | Lair:3   | Lost mutation: Your magical capacity is low. (-10% MP)
                  | [potion of mutation]
 20830 | Lair:3   | Gained mutation: You have a pair of small horns on your
                  | head. [potion of mutation]
 20830 | Lair:3   | Gained mutation: You are agile. (Dex +4, Str/Int -1)
                  | [potion of mutation]
 20830 | Lair:3   | Gained mutation: You are partially covered in iridescent
                  | scales. (AC +2) [potion of mutation]
 21170 | Lair:3   | Noticed a catoblepas
 21359 | Lair:3   | Noticed Nessos
 21396 | Lair:3   | Killed Nessos
 22042 | Lair:3   | Reached skill level 1 in Transmutations
 22100 | Lair:3   | Killed a catoblepas
 22243 | Lair:2   | Upgraded the game from 0.29.0-5-ge4962eb29e to
                  | 0.29.0-7-g18a832c13a
 22617 | Lair:4   | Noticed Kirke
 22617 | Lair:4   | Noticed a death yak
 22617 | Lair:4   | Noticed a death yak
 22617 | Lair:4   | Noticed a death yak
 22617 | Lair:4   | Noticed a death yak
 22626 | Lair:3   | Killed a death yak
 22631 | Lair:3   | Killed a death yak
 22632 | Lair:3   | Reached skill level 10 in Fighting
 23138 | Lair:4   | Found a runed translucent door.
 23383 | Lair:4   | Killed a death yak
 23384 | Lair:4   | Killed a death yak
 23402 | Lair:4   | Reached skill level 13 in Dodging
 23590 | Lair:4   | Killed Kirke
 23848 | Lair:4   | Reached XP level 13. HP: 61/61 MP: 15/28
 24326 | Lair:4   | Reached skill level 5 in Transmutations
 25468 | Lair:4   | Noticed an entropy weaver
 25767 | Lair:4   | Engulfed by a fire crab's flame
 25768 | Lair:4   | Reached XP level 12. HP: -4/58 MP: 15/27
 26352 | Lair:4   | Killed an entropy weaver
 26571 | Lair:4   | Noticed a ghost crab
 26579 | Lair:4   | Noticed a ghost crab
 26583 | Lair:4   | Noticed an entropy weaver
 27370 | Lair:4   | HP: 1/85 [ghost crab] (6)]
 27370 | Lair:4   | Mangled by a ghost crab
 27371 | Lair:4   | Reached XP level 11. HP: -11/54 MP: 18/26
 27408 | Lair:4   | Killed a ghost crab
 27773 | Lair:4   | Slain by a spectral boulder beetle

Illustrated notes

Levels and vault maps discovered:
D:1:      ldierk_walled_garden, layout_loops_cross
D:2:      layout_loops_cross, nicolae_shop_vocational
D:3:      layout_loops_ring, marbit_many_paths, fedhas_altar_3,
          dreamdust_princess_corridor, uniq_jessica, uniq_natasha, uniq_ijyb
D:4:      layout_basic, mainiacjoe_overflow_tiny_flanked,
          gammafunk_ghost_nasty_kobolds, hex_medium, grunt_ministairs_4,
          uniq_robin, uniq_grinder, uniq_eustachio
D:5:      layout_gridville, minmay_temple_entry_wispy,
          ebering_ghost_rock_garden, serial_rivers,
          chequers_serial_rivers_room_b, chequers_serial_rivers_micro_e,
          chequers_serial_rivers_marsh, chequers_serial_rivers_marsh,
          chequers_serial_rivers_room_a
D:6:      layout_cave_pools, mainiacjoe_overflow_swirl, serial_park_tiny_pond,
          uniq_crazy_yiuf_cottage
D:7:      layout_loops_cross, ebering_ghost_disaster_area, grunt_potential
D:8:      layout_gridville, lightli_ossuary_entry_decrepit_ruins,
          kennysheep_small_circle
D:9:      layout_layer_cave, enter_bailey_5
D:10:     layout_roguey, dpeg_lair_monsters
Temple:   sentei_temple_godly_chess
Lair:1:   layout_hall_layers, portal_ice_cave_rime
Lair:2:   layout_cave_pods, shoals_dummy_entry, spider_nest_entry_rubble
Lair:3:   layout_gridlike, minivault_11, uniq_nessos
Lair:4:   gammafunk_mikee_crab_dinner, layout_loops_ring, uniq_kirke

Skill      XL: |  1  2  3  4  5  6  7  8  9 10 11 12 13 |
---------------+----------------------------------------+-----
Unarmed Combat | 1 2 |  2.0
Fighting       | 1 2 4 7 9 10 | 10.5
Spellcasting   | 3 4 5 6 7 8 10 | 10.5
Summonings     | 5 6 7 8 9 10 | 10.0
Dodging        | 3 5 6 12 13 | 13.4
Stealth        | 3 |  3.0
Hexes          | 2 3 5 |  5.0
Air Magic      | 1 2 4 5 7 |  7.0
Translocations | 3 5 9 |  9.8
Transmutations | 6 4 5 |  6.0

Action                   |  1- 3 |  4- 6 |  7- 9 | 10-12 | 13-15 || total
-------------------------+-------+-------+-------+-------+-------++-------
Melee: Unarmed           |    43 |    11 |    27 |   198 |     4 ||   283
       Bite              |     5 |     2 |     2 |    42 |     1 ||    52
       Punch             |       |       |       |     8 |       ||     8
       Headbutt          |       |       |       |    77 |     2 ||    79
 Cast: Summon Small Mamm |    35 |     1 |     3 |     1 |       ||    40
       Call Imp          |    18 |    19 |    30 |    44 |     2 ||   113
       Call Canine Famil |     5 |    25 |    39 |    79 |     6 ||   154
       Summon Guardian G |       |     5 |    31 |    86 |     7 ||   129
       Summon Lightning  |       |       |     6 |    87 |    19 ||   112
       Blink             |       |       |     1 |     9 |     1 ||    11
       Summon Forest     |       |       |       |    12 |     4 ||    16
Invok: Call Merchant     |       |       |       |     1 |       ||     1
       Potion Petition   |       |       |       |     3 |       ||     3
Evoke: Wand              |       |       |     9 |    15 |       ||    24
  Use: Potion            |     5 |       |     1 |     6 |       ||    12
       Scroll            |       |       |       |    27 |       ||    27
 Stab: Sleeping          |     8 |       |     1 |       |       ||     9
       Distracted        |       |       |       |     1 |     1 ||     2
Armor: Skin              |     4 |     1 |     2 |     9 |     2 ||    18
Dodge: Dodged            |    49 |    17 |    36 |   166 |     5 ||   273
Block: Other             |       |     4 |     5 |    47 |       ||    56
       Reflection        |       |     2 |       |     9 |       ||    11
